Cogmind - Beta 13 @@@ ROGUE MODE // 2024.04.08 @ 00:17:42 Player: chexo4 Result: Destroyed by D-53 Grenadier with Mini Grenade Launcher Performance ------------- Evolutions (0) 0 Regions Visited (2) 400 Robots Destroyed (9) 45 Value Destroyed (214) 214 Prototype IDs (1) 20 Alien Tech Used (0) 0 Bonus (7) 7 TOTAL SCORE: 686 Bonus ------- Follower Combat Kills 7 Cogmind --------- Core Integrity 0/250 Matter 300/300 Energy 100/100 System Corruption 0% Temperature Cool (0) Movement Core (100) Ox1 Location -10/Mines Parts ------- > --- POWER (1) -------- (None) > --- PROPULSION (2) --- (None) > --- UTILITY (2) ------ Small Storage Unit > --- WEAPON (2) ------- (None) > --- INVENTORY (8) ---- Ion Engine Wheel Improved Terrain Scanner Seismic Detector EM Pulse Gun Beam Cannon Mining Laser Hammer Peak State ------------ > --- POWER ------------ Light Ion Engine > --- PROPULSION ------- Wheel Compact Wheel > --- UTILITY ---------- Small Storage Unit Splice Drone Bay > --- WEAPON ----------- Light Assault Rifle Light Assault Rifle > --- INVENTORY -------- Ion Engine Wheel Improved Terrain Scanner Seismic Detector EM Pulse Gun Assault Rifle Mining Laser Hammer [Rating: 14] Favorites ----------- Power Light Ion Engine Engine Light Ion Engine Propulsion Wheel Wheel Wheel Utility Small Storage Unit Device Seismic Detector Storage Small Storage Unit Weapon Light Assault Rifle Ballistic Gun Light Assault Rifle Special Weapon Mining Laser Build | -11 -10 -10 ------- Run | Yrd Mat Min Slots Evolved . | . . . Power . | . . . Propulsion . | . . . Utility . | . . . Weapon . | . . . Parts Attached 14 | 10 3 1 Power 1 | 1 . . Engine 1 | 1 . . Core . | . . . Reactor . | . . . Propulsion 3 | 3 . . Treads . | . . . Leg . | . . . Wheel 3 | 3 . . Hover . | . . . Flight . | . . . Utility 6 | 4 1 1 Device 5 | 3 1 1 Storage 1 | 1 . . Processor . | . . . Hackware . | . . . Protection . | . . . Artifact . | . . . Weapon 4 | 2 2 . Energy Gun . | . . . Energy Cannon . | . . . Ballistic Gun 3 | 2 1 . Ballistic Cannon . | . . . Launcher . | . . . Special Weapon 1 | . 1 . Impact Weapon . | . . . Slashing Weapon . | . . . Piercing Weapon . | . . . Special Melee Weapon . | . . . Unidentified Prototypes 1 | . . 1 Parts Lost 6 | . . 6 Power 1 | . . 1 Propulsion 2 | . . 2 Utility 1 | . . 1 Weapon 2 | . . 2 Highest Loss Streak 6 | . . 6 To Critical Strikes . | . . . Average Slot Usage (%) 99 | . 100 98 Engine 13 | . 14 13 Wheel 27 | . 28 27 Device 13 | . 14 13 Storage 14 | . 14 14 Ballistic Gun 18 | . 15 27 Special Weapon 9 | . 12 . Naked Turns . | . . . Heaviest Build 18 | 11 11 18 Greatest Support 26 | 26 26 26 Greatest Overweight (x) 4 | 3 . 4 Average Overweight (x) . | . . . Largest Inventory Capacity 8 | 8 8 8 Average Capacity 7 | 7 8 8 Most Carried 8 | 5 6 8 Average Carried 5 | 4 5 6 Final Capacity 8 | 8 8 8 Final Carried 8 | 5 5 8 Class Distribution -------------------- 100% | Mutant Dominant Class ---------------- Mutant | -10/Materials Mutant | -10/Mines Resources | -11 -10 -10 ----------- Run | Yrd Mat Min Matter Collected 396 | 292 . 104 Remotely . | . . . Salvage Created 301 | 80 . 221 Parts 16 | 4 . 12 Haulers Intercepted . | . . . Recyclers Shooed . | . . . Parts Field Recycled . | . . . Retrieved Matter . | . . . Parts Self-Destructed . | . . . Prevented . | . . . Kills | -11 -10 -10 ------- Run | Yrd Mat Min Combat Hostiles Destroyed 7 | . . 7 Guns 7 | . . 7 Classes Destroyed 5 | 2 . 3 Tunneler 1 | 1 . . Recycler 1 | 1 . . Swarmer 3 | . . 3 Grunt 2 | . . 2 Sentry 2 | . . 2 Best Kill Streak 3 | 2 . 3 Combat Bots Only 3 | . . 3 Max Kills in Single Turn 1 | 1 . 1 Gunslinging . | . . . Exploded . | . . . Melee . | . . . Uniques/NPCs Destroyed . | . . . Combat | -11 -10 -10 -------- Run | Yrd Mat Min Hostile Shots Fired 63 | . . 63 Missed 19 | . . 19 Damage Taken 771 | . . 771 Core 255 | . . 255 Absorbed by Shields . | . . . Core Remaining (%) 100 | 100 . . Volleys Fired 40 | 6 11 23 Largest 2 | 2 1 2 Hottest 100 | 40 100 40 Shots Fired 69 | 12 11 46 Gun 58 | 12 . 46 Cannon . | . . . Launcher . | . . . Special 11 | . 11 . Kinetic 58 | 12 . 46 Thermal 11 | . 11 . Explosive . | . . . Electromagnetic . | . . . Robot Hit Streak 8 | 5 . 8 Robot Miss Streak 3 | 1 . 3 Penetration Max . | . . . Secondary Targets 1 | . . 1 Max Gunslinging Chain 1 | . . 1 Shots Hit Robots 36 | 9 . 27 Core Hits 18 | 5 . 13 Critical Kills . | . . . Critical Parts Destroyed . | . . . Critical Strikes . | . . . Melee Attacks . | . . . Impact . | . . . Slashing . | . . . Piercing . | . . . Sneak Attacks . | . . . Combat Hostiles . | . . . Follow-up Attacks . | . . . Damage Inflicted 325 | 80 . 245 Guns 315 | 80 . 235 Cannons . | . . . Explosions . | . . . Melee . | . . . Ramming 10 | . . 10 Kinetic 315 | 80 . 235 Thermal . | . . . Explosive . | . . . Electromagnetic . | . . . Impact . | . . . Slashing . | . . . Piercing . | . . . Highest Corruption . | . . . Average Corruption . | . . . Corruption Purged . | . . . Corruption Blocked . | . . . Overload Shots . | . . . Overflow Damage . | . . . Projectiles . | . . . Explosions . | . . . Melee . | . . . Knockbacks . | . . . Impact . | . . . Kinetic . | . . . Secondary . | . . . Self-Inflicted Damage 5 | . . 5 Shots . | . . . Rammed 2 | . . 2 Targets Rammed 2 | . . 2 Kicked . | . . . Crushed . | . . . Highest Temperature 100 | . 100 27 Average Temperature 38 | . 48 10 Received Heat Transfer 168 | . . 168 Siege Activations . | . . . Robots Corrupted . | . . . Combat Hostiles . | . . . Parts Fried . | . . . Impact Corruptions . | . . . Robots Melted . | . . . Combat Hostiles . | . . . Parts Melted 1 | . . 1 Heat Transferred . | . . . Parts Sabotaged . | . . . Parts Stolen . | . . . Parts Stripped . | . . . Power Chain Reactions . | . . . Alert | -11 -10 -10 ------- Run | Yrd Mat Min Peak Influence 186 | 10 16 186 Initial 6 | . 6 . Average 15 | 8 2 60 Maximum Alert Level . | . . . Low Security (%) 100 | 100 100 100 Level 1 . | . . . Level 2 . | . . . Level 3 . | . . . Level 4 . | . . . Level 5 . | . . . High Security . | . . . Max Security . | . . . Squads Dispatched . | . . . Investigation . | . . . Extermination . | . . . Reinforcement . | . . . Assault . | . . . Garrison . | . . . Intercept . | . . . Searches Triggered . | . . . Construction Impeded . | . . . Haulers Reinforced . | . . . Active Scanning Responses . | . . . Cargo Convoy Interrupts . | . . . Stealth | -11 -10 -10 --------- Run | Yrd Mat Min Distress Signals . | . . . Communications Jammed . | . . . Distress Signals . | . . . Times Spotted 15 | . . 15 Peak Tracking Total 8 | . . 8 Tactical Retreats . | . . . Traps | -11 -10 -10 ------- Run | Yrd Mat Min Traps Triggered . | . . . Indirectly . | . . . Trap Hack Attempts . | . . . Triggered . | . . . Disarmed . | . . . Reprogrammed . | . . . Reused . | . . . Traps Extracted . | . . . Installed . | . . . Triggered . | . . . Machines | -11 -10 -10 ---------- Run | Yrd Mat Min Machines Disabled 1 | . 1 . Max in Single Turn 1 | . 1 . Machines Repaired . | . . . Machines Dismantled . | . . . Machines Sabotaged . | . . . Overloaded Fab Kills . | . . . Hacking | -11 -10 -10 --------- Run | Yrd Mat Min Machines Accessed 4 | . 3 1 Terminals 2 | . 2 . Fabricators . | . . . Repair Stations . | . . . Recycling Units 1 | . 1 . Scanalyzers . | . . . Garrison Access . | . . . Total Hacks 9 | . 8 1 Successful 3 | . 2 1 Failed 6 | . 6 . Catastrophic 1 | . 1 . Database Lockouts . | . . . Manual 8 | . 8 . Terminals 4 | . 4 . Fabricators . | . . . Repair Stations . | . . . Recycling Units 4 | . 4 . Scanalyzers . | . . . Garrison Access . | . . . Terminal Hacks 1 | . . 1 Open Door 1 | . . 1 Fabricator Hacks . | . . . Repair Station Hacks . | . . . Recycling Unit Hacks . | . . . Scanalyzer . | . . . Garrison Access Hacks . | . . . Unauthorized Hacks 2 | . 2 . Terminals . | . . . Fabricators . | . . . Repair Stations . | . . . Recycling Units 2 | . 2 . Reject 1 | . 1 . Mask 1 | . 1 . Scanalyzers . | . . . Garrison Access . | . . . Data Cores Recovered . | . . . Used . | . . . Hacking Detections 2 | . 2 . Full Trace Events 1 | . 1 . Feedback Events . | . . . Feedback Blocked . | . . . Robot Schematics Acquired . | . . . Robots Built . | . . . Authchips . | . . . Time . | . . . Total Robot Build Rating . | . . . Part Schematics Acquired . | . . . Parts Built . | . . . Authchips . | . . . Time . | . . . Total Part Build Rating . | . . . Parts Repaired . | . . . Time . | . . . Parts Recycled . | . . . Recycled Matter . | . . . Retrieved Matter . | . . . Retrieved Components . | . . . Parts Scanalyzed . | . . . Part Schematics Acquired . | . . . Parts Damaged . | . . . Bothacking | -11 -10 -10 ------------ Run | Yrd Mat Min Used RIF Installer . | . . . Robots Hacked . | . . . Non-combat . | . . . Combat . | . . . Robot Hacks Applied . | . . . Relay Couplers Released . | . . . Fabnet Peak Effective % . | . . . Robots Rewired . | . . . Allies Hacked . | . . . Hacks Repelled . | . . . Allies | -11 -10 -10 -------- Run | Yrd Mat Min Total Allies . | . . . Largest Group . | . . . Highest-Rated Group . | . . . Highest-Rated Ally . | . . . Total Orders 4 | . . 4 EXPLORE 3 | . . 3 RETURN 1 | . . 1 Ally Attacks 14 | . . 14 Total Damage 51 | . . 51 Kills 1 | . . 1 Allies Corrupted . | . . . Allies Melted 1 | . . 1 Intel | -11 -10 -10 ------- Run | Yrd Mat Min Robot Analysis Total . | . . . Derelict Logs Recovered 2 | . . 2 Drone Launches 20 | . . 20 Drone Recoveries 20 | . . 20 Exploration | -11 -10 -10 ------------- Run | Yrd Mat Min Turns Passed 3481 | 329 2426 726 Spaces Moved 555 | 86 222 247 Core 25 | 23 . 2 Treads . | . . . Legs . | . . . Wheels 530 | 63 222 245 Hover . | . . . Flight . | . . . Fastest Speed 50 | 50 90 90 Average Speed 90 | 91 90 90 Slowest Speed 250 | 200 90 250 Overloaded Moves . | . . . Propulsion Burnouts . | . . . Robots Hopped . | . . . Cave-ins Triggered . | . . . Exploration Rate (%) 41 | 5 19 100 Regions Visited 2 Branch Regions 1 Pre-discovered Areas . | . . . Known Exits Taken . | . . . Unknown Exits Taken 2 | 1 1 . Scrap Searched 1 | . . 1 Spaces Dug 10 | . 10 . Terrain Destroyed 10 | . 10 . Melee . | . . . Projectile 10 | . 10 . AOE . | . . . Terrain Rammed . | . . . Walls Destroyed . | . . . Machines Disabled . | . . . Actions | -11 -10 -10 --------- Run | Yrd Mat Min Total 3451 | 325 2414 712 Wait 2823 | 212 2178 433 Move 553 | 85 221 247 Hop . | . . . Pick Up 16 | 12 . 4 Fast Attach . | . . . Attach 8 | 7 1 . Detach 1 | . 1 . Swap 6 | 3 2 1 Drop 1 | . . 1 Fire 40 | 6 11 23 Melee . | . . . Ram 2 | . . 2 Kick . | . . . Crush . | . . . Escape Stasis . | . . . Rewire 1 | . . 1 Trap . | . . . Miscellaneous . | . . . Route ------- -11/Scrapyard -10/Materials (discovered 2 exits: *Min / *Sub) -10/Mines (discovered 3 exits: [*Mat x2] / Sub) History --------- Turn | Location | Event 4 | -11/Scrapyard | Discovered new exit (range 16) 330 | -11/Scrapyard | Entered Materials 350 | -10/Materials | Build established: Mutant 368 | -10/Materials | Discovered new exit (range 12) 749 | -10/Materials | Discovered new exit (range 5) 2756 | -10/Materials | Entered Mines 2759 | -10/Mines | Found the Drone Emporium 2766 | -10/Mines | Found Prototype Device 2767 | -10/Mines | Identified Splice Drone Bay 2836 | -10/Mines | Learned Materials terminal intel 2878 | -10/Mines | Discovered new exit (range 17) 2904 | -10/Mines | Discovered new exit (range 16) 3379 | -10/Mines | Identified exit to Subcaves 3418 | -10/Mines | Assembled infested the area 3423 | -10/Mines | Assisted by a Guerilla fighting off Assembled 3474 | -10/Mines | Core integrity fell below 50% 3479 | -10/Mines | Core integrity fell below 20% 3482 | -10/Mines | Destroyed by D-53 Grenadier with Mini Grenade Launcher Last Messages --------------- Initiating full reboot, ETC: 19. [Achievement: Factory Defaults] Splice Drone retrieved by Splice Drone Bay. K-01 Serf collects debris. Lgt. Ion Engine destroyed. Wheel destroyed. as-17724 destroyed. Splice Drone retrieved by Splice Drone Bay. as-68311 destroyed. Com. Wheel destroyed. Attempting to rewire D-53 Grenadier. D-53 Grenadier is rebooting, system inaccessible. K-01 Serf collects debris. as-77831 destroyed. as-65340 destroyed. as-58935 destroyed. Splice Drone Bay destroyed. as-75958 destroyed. Lgt. Assault Rifle destroyed. Map ----- +----------------------------------------------------+ | #?# #???## ## #???# """" ##############? | | ??# #????# ## #???# #?????????????? | | #??## ###### ## ##### #?????????????? | | #??# #?????????????? | | #### ################ #?????????????? | | + #??????????????### ####?????????????? | | ?### # ####????????????????# #????????????????? | | ???## ### #???????????????????# #????????????????? | | ????????# #???????????????????# #####????????????? | | ????????#%######??????????????# #????????????? | | ????????#!%]] #???????###????##### #????????????? | | ????????###### #??????## ##??????# #????????????? | | ?????????????# #??????# ##?????# ###########??? | | ?????????????# ###????# ##????# #??? | | ?????????????# #???## #????#### ###### #??? | | ????###??????###%#???# ##??????# ###### #??? | | ???## ##??????# #???# ###????# ## ###? | | ??## ##????# #???# #### ##???##### ## ## | | ?## #???## #????????### ######### # # | | ?# #??## ######?????## | | ?# #### ## ######## | | ?# ## #### ### ### # | | ### ### ##?# #?## ## | | ## d ###??# #??# #? | | ###### d ##????# #??# #? | | # #????## ##### @ # % ###???# #### ## | | #?????#####???## ##?## # | | #??????????????#### # ### | | #?????????????????## ## """ | | ??????????????????########### k """ | | ???????????????????????????##### #### """ # | | #????#############?????????????## ##?## # | | ##????# #??????????????# ##?## # | | ##?????# < #???????####???# ##?## # | | ###??????# """ #??????## ##### #### ## | | ?????????# """ ######## ###? | | ?????????# """ ##""## ## ##?? | | ?????????# #" # ######## #?? | | ?????????#### ########" =%= ##??????## #?? | | ????????????# #??????#" ! ##???????## #?? | | ????????????# #??????#" #X ##?????#### ##?? | | ????????????# #??????##""## #??##### #??? | | ????????????# #???????##### ##??# #??? | | ?#####??????# #??????????# #???# ## ##??? | | ## ##?????# #??????????# ##??# ## ##???? | | # < ##????# #??????????## #??# ### ##????? | | #????# #???????????# ##??# #?# #?????? | | #????# #?###########! ##???# #?# #?????? | | # ##???# #?# % %% =%% #????# #?## ##?????? | | ##### ###?# #?# #########* #????# #??####??????? | +----------------------------------------------------+ Best States ------------- Heat Dissipation 25 Energy Generation 10 Energy Capacity 125 Matter Stores 300 Matter Capacity 300 Sight Range 16 Terrain Scan Range 16 Terrain Scan Density 10 Evasion (%) 50 Item Schematics ----------------- None Robot Schematics ------------------ None Fabricated ------------ Nothing Alien Tech Used ----------------- None Achievements -------------- Error 47 Factory Defaults Challenges ------------ None Game ------ Seed TargetComponentCutter Manual? 0 Play Time 00:14:38 Cumulative 15.0 hours Start 2024.04.08 @ 00:00:14 End 2024.04.08 @ 00:17:42 Sessions 1 Manual Loads 0 Difficulty Rogue Special Mode None Game No. 40 Rogue 40 Adventurer 0 Explorer 0 Win Type - Total 0 Types 0/0/0/0/0/0/0/0/0 Lore% 15 Gallery% 25 Achievement% 21 Wizard Run 0 Options --------- Layout 1 ASCII 0 Keyboard 0 Movement Arrows Keybinds 0 Fullscreen 2 Font 24/Smallcaps Map View 50x35 Zoom Use 0% Tactical HUD 0 Map Filters NONE Filters NONE Steam 1 RUN: 7a406634-b4b9-4a60-a963-a8a912ac4d67